 Dungeon Crawl Stone Soup version 0.23.1 (console) character file.

Game seed: 2570861704284981342

658 fly the Firebug (level 7, -11/59 HPs)
             Began as an Ogre Fire Elementalist on Mar 13, 2019.
             Engulfed by a cloud of flame (20 damage)
             ... on level 4 of the Dungeon.
             The game lasted 00:11:14 (4194 turns).

fly the Firebug (Ogre Fire Elementalist)            Turns: 4194, Time: 00:11:14

Health: -11/59     AC:  3    Str: 13    XL:     7   Next: 55%
Magic:  5/11       EV: 14    Int: 16    God:
Gold:   153        SH:  0    Dex: 11    Spells: 5/12 levels left

rFire    . . .     SeeInvis .   a - +0 hand axe (curse)
rCold    . . .     Gourm    .   (no shield)
rNeg     . . .     Faith    .   y - +0 robe
rPois    .         Spirit   .   (helmet restricted)
rElec    .         Reflect  .   (no cloak)
rCorr    +         Harm     .   (gloves unavailable)
MR       .....                  (boots unavailable)
Stlth    ++........             (no amulet)
HPRegen  0.19/turn              f - ring of resist corrosion
MPRegen  0.12/turn              q - +4 ring of evasion

@: no status effects
A: large, unfitting armour, tough skin 1
a: no special abilities


You were on level 4 of the Dungeon.
You were near starving.

You visited 1 branch of the dungeon, and saw 5 of its levels.

You collected 153 gold pieces.

Inventory:

Hand Weapons
 a - a cursed +0 hand axe (weapon)
Armour
 y - a +0 robe (worn)
Jewellery
 f - a ring of resist corrosion (left hand)
 l - an uncursed ring of ice
 q - a +4 ring of evasion (right hand)
Wands
 r - a wand of iceblast (10)
 t - a wand of flame (25)
Scrolls
 b - 8 scrolls of remove curse {unknown}
 i - a scroll of enchant armour {unknown}
 o - 2 scrolls of teleportation {unknown}
 p - 5 scrolls of identify {unknown}
 s - a scroll of immolation {unknown}
 u - a scroll of enchant weapon {unknown}
Potions
 d - a potion of haste {unknown}
 e - a potion of degeneration {unknown}
 g - 3 potions of curing {unknown}
 h - 2 potions of agility {unknown}
 j - a potion of brilliance {unknown}
 k - a potion of heal wounds {unknown}
 m - 2 potions of cancellation {unknown}
 n - 3 potions of might {unknown}
Comestibles
 c - 7 rations


   Skills:
 - Level 3.0 Dodging
 - Level 1.4 Stealth
 - Level 3.0 Spellcasting
 + Level 5.0 Conjurations
 + Level 5.1 Fire Magic


You had 5 spell levels left.
You knew the following spells:

 Your Spells              Type           Power        Failure   Level  Hunger
c - Conjure Flame         Conj/Fire      ###.....     7%          3    ###....
n - Inner Flame           Hex/Fire       ##......     21%         3    ###....
z - Flame Tongue          Conj/Fire      ###..        2%          1    #......

Your spell library contained the following spells:

 Spells                   Type           Power        Failure   Level  Hunger
 Throw Flame              Conj/Fire      ###...       3%          2    ##.....
 Sticky Flame             Conj/Fire      ###.....     22%         4    #####..
 Fireball                 Conj/Fire      ###.......   54%         5    ######.


Dungeon Overview and Level Annotations

Branches:
Dungeon (5/15)
 Temple: D:4-7

Altars:
Okawaru
Vehumet
The Shining One

Annotations:
D:4 Eustachio


Innate Abilities, Weirdness & Mutations

You are too large for most types of armour.
You have tough skin. (AC +1)


Message History

The flame tongue misses the orc.
Grinder gestures at you. Pain shoots through your body!
Casting: Flame Tongue (safe; 3% risk of failure)
Confirm with . or Enter, or press ? or * to list all spells.
Aiming: Flame Tongue (safe; 3% risk of failure)
Press: ? - help, Shift-Dir - straight line, f/p - orc
Aim: an orc, wielding a +0 club (almost dead, inner flame)
The flame tongue hits the orc.
The orc explodes!
The fiery explosion engulfs you!!
Ouch! That really hurt!
* * * LOW HITPOINT WARNING * * *
The fiery explosion engulfs Grinder!!!
You kill Grinder!
You feel your dexterity returning.
Your Conjurations skill increases to level 5!
Your Fire Magic skill increases to level 5!
You are engulfed in blazing flames.
You die...

## ######..#
#..@§§..#
#%.§........
#...%..%.###
#.....o..#
########..#
...# ... #.


You could see an orc wizard.

Vanquished Creatures
  Grinder (D:4)
  2 centaurs (D:5)
  2 scorpions
  A hound (D:3)
  Jessica (D:2)
  A worker ant (D:4)
  4 adders
  5 worms
  2 dart slugs (D:1)
  A leopard gecko (D:1)
  5 orcs
  A ball python (D:3)
  6 bats
  5 giant cockroaches
  9 goblins
  6 hobgoblins
  3 jackals (D:2)
  13 kobolds
  7 frilled lizards
  11 rats
86 creatures vanquished.

Vanquished Creatures (others)
  A worm (D:2)
1 creature vanquished.

Grand Total: 87 creatures vanquished

Notes
Turn   | Place    | Note
-------+----------+-------------------------------------------
     0 | D:1      | fly the Ogre Fire Elementalist began the quest for the Orb.
     0 | D:1      | Reached XP level 1. HP: 16/16 MP: 3/3
    78 | D:1      | Reached skill level 1 in Conjurations
   355 | D:1      | Reached XP level 2. HP: 14/24 MP: 0/5
  1010 | D:2      | Reached XP level 3. HP: 31/31 MP: 2/7
  1022 | D:2      | Found a faded altar of an unknown god.
  1518 | D:2      | Found a glowing golden altar of the Shining One.
  1750 | D:2      | Found a radiant altar of Vehumet.
  1825 | D:2      | Learned a level 3 spell: Conjure Flame
  1829 | D:2      | Learned a level 3 spell: Inner Flame
  1844 | D:2      | Found an iron altar of Okawaru.
  1846 | D:2      | Noticed Jessica
  1851 | D:2      | Killed Jessica
  1851 | D:2      | Reached XP level 4. HP: 39/39 MP: 3/8
  2210 | D:3      | You fall through a shaft for 2 floors!
  2210 | D:5      | Entered Level 5 of the Dungeon
  2345 | D:5      | Noticed a centaur
  2355 | D:5      | Killed a centaur
  2355 | D:5      | Reached XP level 5. HP: 19/45 MP: 1/9
  2596 | D:5      | Noticed a centaur
  2603 | D:5      | Killed a centaur
  2603 | D:5      | Reached XP level 6. HP: 34/53 MP: 4/10
  2763 | D:4      | Noticed Eustachio
  3806 | D:4      | Found a glowing golden altar of the Shining One.
  3937 | D:3      | Reached XP level 7. HP: 32/59 MP: 6/11
  4188 | D:4      | Noticed Grinder
  4194 | D:4      | Killed Grinder
  4194 | D:4      | Reached skill level 5 in Conjurations
  4194 | D:4      | Reached skill level 5 in Fire Magic
  4194 | D:4      | Engulfed by a cloud of flame

Skill      XL: |  1  2  3  4  5  6  7 |
---------------+----------------------+-----
Conjurations   | 1 2 3 4 5 |  5.0
Dodging        | 2 3 |  3.0
Fire Magic     | 3 4 5 |  5.1
Spellcasting   | 3 |  3.0
Stealth        | |  1.4

Action                   |  1- 3 |  4- 6 |  7- 9 || total
-------------------------+-------+-------+-------++-------
Melee: Unarmed           |    51 |       |       ||    51
       Hand axe          |       |    15 |       ||    15
 Cast: Flame Tongue      |    66 |   116 |     4 ||   186
       Conjure Flame     |       |     2 |       ||     2
       Inner Flame       |       |       |     1 ||     1
Evoke: Wand              |       |       |     1 ||     1
 Stab: Sleeping          |     1 |     1 |       ||     2
  Eat: Chunk             |     3 |     6 |       ||     9
Armor: Robe              |    21 |    13 |       ||    34
Dodge: Dodged            |    34 |    71 |     1 ||   106
